IL
ROCHESTER RED WINGS @ BUFFALO BISONS
08/18/2049
 
TOP OF THE 1ST
Rochester Red Wings batting - Pitching for Buffalo Bisons : RHP Corey Larimer
Pitching: RHP Corey Larimer
Batting: RHB Jason Gee 0-0: Called Strike
0-1: Foul Ball, location: 2F
0-2: Strikes out swinging
Batting: SHB Ian Thompson 0-0: Ball
1-0: Ground out 4-3 (Groundball, 4, EV 96.2 MPH)
Batting: LHB Jon Ventura 0-0: Ball
1-0: Called Strike
1-1: Fly out, F8 (Flyball, 8LXD, EV 90.6 MPH)
Top of the 1st over - 0 runs, 0 hits, 0 errors, 0 left on base; Rochester 0 - Buffalo 0
BOTTOM OF THE 1ST
Buffalo Bisons batting - Pitching for Rochester Red Wings : RHP Ruben Requena
Pitching: RHP Ruben Requena
Batting: SHB Bran Stark 0-0: SINGLE (Groundball, 25, EV 73.8 MPH) (infield hit)
Batting: RHB Alex Ramos 0-0: Ball
1-0: Called Strike
Bran Stark is caught stealing 2nd base 2-4
1-1: Called Strike
1-2: DOUBLE (Groundball, 5L, EV 112.5 MPH)
Batting: RHB Bill Murray 0-0: Foul Ball, location: 2F
0-1: Fly out, F9 (Flyball, 9, EV 87.5 MPH)
Batting: RHB Danny Miramontes 0-0: Ball
1-0: Foul Ball, location: 2F
1-1: Foul Ball, location: 2F
1-2: Foul Ball, location: 2F
1-2: Foul Ball, location: 2F
1-2: Ball
2-2: SINGLE (Groundball, 4D, EV 95.6 MPH)
Alex Ramos to third
Runner from 3rd tries for Home, SAFE, throw by CF to home
Batting: RHB Francisco Hernandez 0-0: Ball
1-0: Called Strike
1-1: Ball
2-1: Swinging Strike
2-2: Foul Ball, location: 2F
2-2: Foul Ball, location: 2F
2-2: Foul Ball, location: 2F
2-2: Strikes out swinging
Bottom of the 1st over - 1 run, 3 hits, 0 errors, 1 left on base; Rochester 0 - Buffalo 1
TOP OF THE 2ND
Rochester Red Wings batting - Pitching for Buffalo Bisons : RHP Corey Larimer
Batting: RHB Leo Gonzalez 0-0: SINGLE (Groundball, 4MD, EV 103.8 MPH)
Batting: RHB José Molina 0-0: Foul Ball, location: 2F
0-1: Ball
1-1: Foul Ball, location: 2F
1-2: Strikes out swinging
Batting: RHB Ryan Gautney 0-0: Foul Ball, location: 2F
0-1: Ball
1-1: Ball
2-1: SINGLE (Groundball, 56D, EV 106.9 MPH)
Leo Gonzalez to second
Batting: RHB Pedro Pinero 0-0: Ball
1-0: Foul Ball, location: 2F
1-1: Foul Ball, location: 2F
1-2: Ball
2-2: Ball
3-2: Strikes out looking
Batting: RHB Dan Grable 0-0: SINGLE (Line Drive, 8LS, EV 113.8 MPH)
Leo Gonzalez to third
Ryan Gautney to second
Batting: LHB Tyler Allen 0-0: Ball
1-0: Ball
2-0: Called Strike
2-1: Fly out, F5 (Popup, 5S, EV 67.5 MPH)
Top of the 2nd over - 0 runs, 3 hits, 0 errors, 3 left on base; Rochester 0 - Buffalo 1
BOTTOM OF THE 2ND
Buffalo Bisons batting - Pitching for Rochester Red Wings : RHP Ruben Requena
Batting: RHB Leo Mair 0-0: Ball
1-0: Called Strike
1-1: Ground out 5-3 (Groundball, 56S, EV 81.9 MPH)
Batting: RHB Chris Martin 0-0: Called Strike
0-1: Foul Ball, location: 2F
0-2: Strikes out swinging
Batting: RHB Danny Heyer 0-0: Ball
1-0: Foul Ball, location: 2F
1-1: Ball
2-1: Ground out 6-3 (Groundball, 6, EV 90.0 MPH)
Bottom of the 2nd over - 0 runs, 0 hits, 0 errors, 0 left on base; Rochester 0 - Buffalo 1
TOP OF THE 3RD
Rochester Red Wings batting - Pitching for Buffalo Bisons : RHP Corey Larimer
Batting: RHB Jason Gee 0-0: Ball
1-0: Ball
2-0: Ball
3-0: Called Strike
3-1: Swinging Strike
3-2: Ground out 4-3 (Groundball, 4, EV 80.6 MPH)
Batting: SHB Ian Thompson 0-0: Ball
1-0: Called Strike
1-1: Called Strike
1-2: Ball
2-2: Ball
3-2: Ground out U3 (Groundball, 34, EV 80.0 MPH)
Batting: LHB Jon Ventura 0-0: Ball
1-0: Ball
2-0: Called Strike
2-1: Fly out, F7 (Flyball, 7D, EV 90.0 MPH)
Top of the 3rd over - 0 runs, 0 hits, 0 errors, 0 left on base; Rochester 0 - Buffalo 1
BOTTOM OF THE 3RD
Buffalo Bisons batting - Pitching for Rochester Red Wings : RHP Ruben Requena
Batting: RHB Ben Zeiler 0-0: Ground out 5-3 (Groundball, 56, EV 102.5 MPH)
Batting: SHB Bran Stark 0-0: Ball
1-0: Foul Ball, location: 2F
1-1: Called Strike
1-2: SINGLE (Groundball, 4M, EV 85.6 MPH) (infield hit)
Batting: RHB Alex Ramos 0-0: Ball
1-0: Called Strike
1-1: Called Strike
1-2: Ball
2-2: Ball
3-2: SINGLE (Line Drive, 89S, EV 105.6 MPH)
Bran Stark to second
Batting: RHB Bill Murray 0-0: Ball
1-0: Fly out, F8 (Flyball, 8LD, EV 99.4 MPH)
Batting: RHB Danny Miramontes 0-0: Called Strike
0-1: Called Strike
0-2: Foul Ball, location: 2F
0-2: Ball
1-2: Ground out 4-3 (Groundball, 4MS, EV 85.0 MPH)
Bottom of the 3rd over - 0 runs, 2 hits, 0 errors, 2 left on base; Rochester 0 - Buffalo 1
TOP OF THE 4TH
Rochester Red Wings batting - Pitching for Buffalo Bisons : RHP Corey Larimer
Batting: RHB Leo Gonzalez 0-0: Foul Ball, location: 2F
0-1: Ball
1-1: Swinging Strike
1-2: Foul Ball, location: 2F
1-2: Ball
2-2: Foul Ball, location: 2F
2-2: SINGLE (Groundball, 6, EV 106.9 MPH)
Batting: RHB José Molina 0-0: Grounds into double play, 4-6-3 (Groundball, 4M, EV 101.9 MPH)
Batting: RHB Ryan Gautney 0-0: Ground out 5-3 (Groundball, 56S, EV 88.1 MPH)
Top of the 4th over - 0 runs, 1 hit, 0 errors, 0 left on base; Rochester 0 - Buffalo 1
BOTTOM OF THE 4TH
Buffalo Bisons batting - Pitching for Rochester Red Wings : RHP Ruben Requena
Batting: RHB Francisco Hernandez 0-0: Fly out, F8 (Flyball, 8RM, EV 76.9 MPH)
Batting: RHB Leo Mair 0-0: Ball
1-0: Ball
2-0: Ball
3-0: Called Strike
3-1: Called Strike
3-2: Fly out, F9 (Flyball, 9S, EV 91.2 MPH)
Batting: RHB Chris Martin 0-0: Ball
1-0: Called Strike
1-1: Called Strike
1-2: Foul Ball, location: 2F
1-2: Ball
2-2: Foul Ball, location: 2F
2-2: Ball
3-2: Strikes out looking
Bottom of the 4th over - 0 runs, 0 hits, 0 errors, 0 left on base; Rochester 0 - Buffalo 1
TOP OF THE 5TH
Rochester Red Wings batting - Pitching for Buffalo Bisons : RHP Corey Larimer
Batting: RHB Pedro Pinero 0-0: Ball
1-0: Called Strike
1-1: Called Strike
1-2: SINGLE (Line Drive, 8RS, EV 93.8 MPH)
Batting: RHB Dan Grable 0-0: Grounds into double play, 5-4-3 (Groundball, 56S, EV 83.1 MPH)
Batting: LHB Tyler Allen 0-0: Fly out, F9 (Flyball, 9, EV 88.8 MPH)
Top of the 5th over - 0 runs, 1 hit, 0 errors, 0 left on base; Rochester 0 - Buffalo 1
BOTTOM OF THE 5TH
Buffalo Bisons batting - Pitching for Rochester Red Wings : RHP Ruben Requena
Batting: RHB Danny Heyer 0-0: Ground out 6-3 (Groundball, 6MD, EV 80.0 MPH)
Batting: RHB Ben Zeiler 0-0: Ball
1-0: Called Strike
1-1: Ball
2-1: Ground out 5-3 (Groundball, 5, EV 80.6 MPH)
Batting: SHB Bran Stark 0-0: Called Strike
0-1: Ground out 4-3 (Groundball, 4, EV 85.0 MPH)
Bottom of the 5th over - 0 runs, 0 hits, 0 errors, 0 left on base; Rochester 0 - Buffalo 1
TOP OF THE 6TH
Rochester Red Wings batting - Pitching for Buffalo Bisons : RHP Corey Larimer
Batting: RHB Jason Gee 0-0: Called Strike
0-1: Ground out 5-3 (Groundball, 56S, EV 85.6 MPH)
Batting: SHB Ian Thompson 0-0: Ball
1-0: Foul Ball, location: 2F
1-1: Called Strike
1-2: Fly out, F7 (Flyball, 7, EV 91.2 MPH)
Batting: LHB Jon Ventura 0-0: Ball
1-0: Called Strike
1-1: Swinging Strike
1-2: Ball
2-2: Foul Ball, location: 2F
2-2: Ball
3-2: Ground out 6-3 (Groundball, 6, EV 81.9 MPH)
Top of the 6th over - 0 runs, 0 hits, 0 errors, 0 left on base; Rochester 0 - Buffalo 1
BOTTOM OF THE 6TH
Buffalo Bisons batting - Pitching for Rochester Red Wings : RHP Ruben Requena
Batting: RHB Alex Ramos 0-0: Foul Ball, location: 2F
0-1: Swinging Strike
0-2: Ball
1-2: Ball
2-2: Ball
3-2: Base on Balls
Batting: RHB Bill Murray 0-0: Fielders Choice at 2nd, 5-4 (Groundball, 56, EV 85.6 MPH)
Batting: RHB Danny Miramontes 0-0: Ball
1-0: Swinging Strike
1-1: Called Strike
1-2: Fly out, F8 (Flyball, 8LM, EV 80.0 MPH)
Batting: RHB Francisco Hernandez 0-0: Ball
Bill Murray steals 2nd base
1-0: Foul Ball, location: 2F
1-1: Foul Ball, location: 2F
1-2: Ground out 4-3 (Groundball, 34, EV 92.5 MPH)
Bottom of the 6th over - 0 runs, 0 hits, 0 errors, 1 left on base; Rochester 0 - Buffalo 1
TOP OF THE 7TH
Rochester Red Wings batting - Pitching for Buffalo Bisons : RHP Corey Larimer
Now in RF: Väinö Tapaninen
Batting: RHB Leo Gonzalez 0-0: Foul Ball, location: 2F
0-1: Ball
1-1: Ball
2-1: Ball
3-1: Foul Ball, location: 2F
3-2: Ground out 6-3 (Groundball, 6, EV 88.1 MPH)
Batting: RHB José Molina 0-0: Ball
1-0: Swinging Strike
1-1: Foul Ball, location: 2F
1-2: Foul Ball, location: 2F
1-2: Ball
2-2: Ball
3-2: Foul Ball, location: 2F
3-2: DOUBLE (Line Drive, 78XD, EV 107.5 MPH)
Batting: RHB Ryan Gautney 0-0: Ball
José Molina steals 3rd base (no throw)
1-0: Ball
2-0: Ball
3-0: Ground out 1-3 (Groundball, 13, EV 75.0 MPH)
Pinch Hitting: SHB Manny Molina 0-0: Ball
1-0: Swinging Strike
1-1: SINGLE (Line Drive, 7S, EV 106.9 MPH)
José Molina scores
Batting: RHB Dan Grable 0-0: Ball
1-0: Called Strike
1-1: Ball
2-1: SINGLE (Groundball, 6MS, EV 63.8 MPH) (infield hit)
Manny Molina to second
Batting: LHB Tyler Allen 0-0: Ball
1-0: Ball
2-0: Ball
3-0: Called Strike
3-1: SINGLE (Groundball, 34S, EV 71.9 MPH) (infield hit)
Manny Molina to third
Dan Grable to second
Batting: RHB Jason Gee 0-0: Ground out 6-3 (Groundball, 6S, EV 78.1 MPH)
Top of the 7th over - 1 run, 4 hits, 0 errors, 3 left on base; Rochester 1 - Buffalo 1
BOTTOM OF THE 7TH
Buffalo Bisons batting - Pitching for Rochester Red Wings : RHP Ruben Requena
Now at 2B: Manny Molina
Batting: RHB Leo Mair 0-0: DOUBLE (Line Drive, 7LM, EV 104.4 MPH)
Batting: RHB Chris Martin 0-0: Ball
1-0: Called Strike
1-1: Foul Ball, location: 2F
1-2: Ball
2-2: Ball
3-2: Foul Ball, location: 2F
3-2: Base on Balls
Batting: RHB Danny Heyer 0-0: Ball
1-0: Sac Bunt to 23 - play at first, batter OUT! 3-4
Leo Mair to third
Chris Martin to second
Batting: RHB Ben Zeiler 0-0: Ball
1-0: Foul Ball, location: 2F
1-1: Called Strike
1-2: Ball
2-2: Ball
3-2: Foul Ball, location: 2F
3-2: Base on Balls
Batting: SHB Bran Stark 0-0: Swinging Strike
0-1: Ball
1-1: SINGLE (Line Drive, 6MD, EV 110.0 MPH)
Leo Mair scores
Chris Martin to third
Ben Zeiler to second
Batting: RHB Alex Ramos 0-0: Swinging Strike
0-1: Foul Ball, location: 2F
0-2: Foul Ball, location: 2F
0-2: DOUBLE (Flyball, 7D, EV 85.6 MPH)
Chris Martin scores
Ben Zeiler scores
Bran Stark to third
Batting: RHB Väinö Tapaninen 0-0: Foul Ball, location: 2F
0-1: Foul Ball, location: 2F
0-2: Strikes out swinging, 2-3 out at first.
Pitching: LHP Josh Gunderson
Batting: RHB Danny Miramontes 0-0: Called Strike
0-1: Foul Ball, location: 2F
0-2: Foul Ball, location: 2F
0-2: Ball
1-2: Ball
2-2: Ball
3-2: Ground out U3 (Groundball, 34S, EV 85.0 MPH)
Bottom of the 7th over - 3 runs, 3 hits, 0 errors, 2 left on base; Rochester 1 - Buffalo 4
TOP OF THE 8TH
Rochester Red Wings batting - Pitching for Buffalo Bisons : RHP Corey Larimer
Batting: SHB Ian Thompson 0-0: Ball
1-0: Called Strike
1-1: Foul Ball, location: 2F
1-2: SINGLE (Groundball, 34D, EV 105.0 MPH)
Pitching: RHP Andres Lozano
Batting: LHB Jon Ventura 0-0: Ball
1-0: Ball
2-0: Fly out, F7 (Flyball, 7D, EV 90.0 MPH)
Batting: RHB Leo Gonzalez 0-0: Ball
1-0: Ball
2-0: Swinging Strike
2-1: Foul Ball, location: 2F
2-2: Strikes out looking
Batting: RHB José Molina 0-0: Called Strike
0-1: Ball
1-1: Foul Ball, location: 2F
1-2: 2-RUN HOME RUN (Line Drive, 78XD, EV 108.8 MPH), Distance : 447 ft
Batting: RHB Ryan Gautney 0-0: Ball
1-0: SINGLE (Line Drive, 4D, EV 106.9 MPH)
Pitching: LHP Sam Zegarelli
Batting: SHB Manny Molina 0-0: Foul Ball, location: 2F
0-1: Ground out 4-3 (Groundball, 4, EV 86.9 MPH)
Top of the 8th over - 2 runs, 3 hits, 0 errors, 1 left on base; Rochester 3 - Buffalo 4
BOTTOM OF THE 8TH
Buffalo Bisons batting - Pitching for Rochester Red Wings : LHP Josh Gunderson
Batting: RHB Francisco Hernandez 0-0: Ball
1-0: Called Strike
1-1: Called Strike
1-2: Ball
2-2: Ground out 6-3 (Groundball, 6, EV 96.9 MPH)
Batting: RHB Leo Mair 0-0: Called Strike
0-1: Ball
1-1: Ball
2-1: Ground out 3-1 (Groundball, 34S, EV 93.1 MPH)
Batting: RHB Chris Martin 0-0: Ball
1-0: Fly out, F5 (Line Drive, 56, EV 67.5 MPH)
Bottom of the 8th over - 0 runs, 0 hits, 0 errors, 0 left on base; Rochester 3 - Buffalo 4
TOP OF THE 9TH
Rochester Red Wings batting - Pitching for Buffalo Bisons : LHP Sam Zegarelli
Pitching: LHP Mario Amore
Now at 2B: Danny Eberhart
Batting: RHB Dan Grable 0-0: Swinging Strike
0-1: Foul Ball, location: 2F
0-2: Foul Ball, location: 2F
0-2: Fly out, F8 (Flyball, 8LXD, EV 96.9 MPH)
Pinch Hitting: RHB Cyril Husson 0-0: Ground out 6-3 (Groundball, 6S, EV 80.6 MPH)
Batting: RHB Jason Gee 0-0: Foul Ball, location: 2F
0-1: Ball
1-1: Ball
2-1: Swinging Strike
2-2: Foul Ball, location: 2F
2-2: Ball
3-2: Strikes out swinging
Top of the 9th over - 0 runs, 0 hits, 0 errors, 0 left on base; Rochester 3 - Buffalo 4
Sunday, July 16th , 2023 - OOTP Baseball 24.6 Build 69